 Dungeon Sprint DCSS version 0.29-a0-512-gf59ac788ac (webtiles) character file.

Game seed: 3612356726462907439

2035 mhtbhm the Grappler (level 8, -12/70 (73) HPs)
             Began as a Demigod Transmuter on May 29, 2022.
             Mangled by a soul eater (20 damage)
             ... summoned by a kobold demonologist
             ... in the Dungeon (Sprint I: "Red Sonja").
             The game lasted 00:03:02 (828 turns).

mhtbhm the Grappler (Demigod Transmuter)             Turns: 828, Time: 00:03:02

HP:   -12/70 (73)   AC:  6    Str: 19    XL:     8   Next: 74%
MP:   21/23         EV: 12    Int: 15    God:
Gold: 742           SH:  0    Dex: 14    Spells: 11/21 levels left

rFire   x . .      SeeInvis .     - Unarmed
rCold   + + +      Faith    .   (shield currently unavailable)
rNeg    . . .      Spirit   .   (body armour currently unavailable)
rPois   +          Reflect  .   (helmet currently unavailable)
rElec   .          Harm     .   (cloak currently unavailable)
rCorr   .          Rampage  .   (gloves currently unavailable)
Will    .....      NoTele   +   (boots currently unavailable)
Stlth   ++........              (no amulet)
HPRegen 0.21/turn               (no ring)
MPRegen 0.18/turn               (no ring)

@: ice-form, spiked, lightly drained
A: freezing attack, amphibious, boosted hp, large, high MP 1, forlorn, divine
attributes
a: End Transformation


You were in the Dungeon.
You were a creature of crystalline ice.
You visited 1 branch You collected 854 gold pieces.
You spent 112 gold pieces at shops.

Inventory:

Missiles
 c - 5 curare-tipped darts (quivered)
Armour
 b - the +7 ring mail "Otwanel" (melded) {rC+++ Regen+ Int-3 Dex+3}
   (You found it in the Dungeon)

   Int:       It affects your intelligence (-3).
   Dex:       It affects your dexterity (+3).
   rC:        It renders you almost immune to cold.
   Regen:     It increases your rate of health regeneration.
Scrolls
 g - a scroll of identify
Potions
 d - a potion of invisibility
 e - a potion of lignification
 f - 4 potions of magic
 h - a potion of curing


   Skills:
 + Level 1.8 Fighting
 + Level 0.4 Throwing
 + Level 0.1 Armour
 + Level 7.0 Dodging
 + Level 2.1 Stealth
 + Level 13.6 Unarmed Combat
 + Level 7.4 Spellcasting
 + Level 7.2 Transmutations
 + Level 1.2 Ice Magic
 + Level 1.3 Evocations


You had 11 spell levels left.
You knew the following spells:

 Your Spells              Type           Power      Damage    Failure   Level
a - Beastly Appendage     Tmut           54%        N/A       1%          1
b - Wereblood             Tmut           27%        N/A       1%          2
c - Spider Form           Tmut/Pois      16%        N/A       9%          3
d - Ice Form              Ice/Tmut       18%        N/A       22%         4

Your spell library contained the following spells:

 Spells                   Type           Power      Damage    Failure   Level


Dungeon Overview and Level Annotations

Branches:
Dungeon (1/1)

Shops:
D :![


Innate Abilities, Weirdness & Mutations

You are a creature of crystalline ice.
You have a powerful freezing melee attack.
You are amphibious.
Your maximum health is increased.
Your armour is entirely melded.
You are incapable of wielding weapons or throwing items.
You have an increased reservoir of magic. (+10% MP)
You shall have no god before yourself.
Your divine heritage dramatically boosts your attributes as you level up.


Message History

You kill the kobold demonologist!
The crimson imp disappears in a puff of smoke!
The ufetubus disappears in a puff of smoke!
The neqoxec disappears in a puff of smoke!
The soul eater draws from the surrounding life force!
* * * LOW HITPOINT WARNING * * *
The red devil barely misses you.
Your Dodging skill increases to level 7!
Unknown command.
Unknown command.
Okay, then.
You aren't carrying any items that you can evoke.
Unknown command.
Okay, then.
You feel better.
The quasit bites you but does no damage.
The quasit closely misses you.
The quasit claws you but does no damage.
The soul eater hits you.
* * * LOW HITPOINT WARNING * * *
You feel drained. The red devil closely misses you. The iron imp misses you.
The kobold demonologist casts a spell.
Unknown command.
You pummel the iron imp!! You freeze the iron imp.
You kill the iron imp!
The iron imp disappears in a puff of smoke!
The quasit disappears in a puff of smoke!
The soul eater hits you.
* * * LOW HITPOINT WARNING * * *
The red devil hits you from afar with a +0 trident!
* * * LOW HITPOINT WARNING * * *
Barbed spikes become lodged in your body.
Unknown command.
The barbs in your skin will harm you if you move.
Continue?
Okay, then.
Unknown command.
You punch the soul eater! You freeze the soul eater.
The soul eater is moderately wounded.
The white imp barely misses you. The soul eater hits you!!
You die...

####################*************
)..#..'..#__#..3Y5.#,,*,,,,+,,,,,
#..').#..'..'..#K54#*+*,****,,,,,
##'#####'#__####§.5+,,*,*,***,,,*
#..#...#.####,,#####,,+,*+*,***+*
####..##[#≈≈≈,,*,,**+****,,,*,*,*
___##'#_.+≈≈≈,,+,,*,,,,,*,,,***,,
∩...'..._#≈≈≈,,*,,*,,,,,+,,,,,**,
.__##_.#'##+###**+***,,,*,,,,,*,,
___###)#.#..).###,+,*,,,***++**,*


You could see a soul eater (summoned), a kobold demonologist, a red devil
(summoned), a white imp (summoned), a shadow imp (summoned) and an ufetubus
(summoned).

Vanquished Creatures
  Sonja (D)
  A deep troll (D)
  A kobold demonologist (D)
  A slime creature (D)
  Sigmund (D)
  A yak (D)
  A floating eye (D)
  An ogre (D)
  A jelly (D)
  Ijyb (D)
10 creatures vanquished.

Vanquished Creatures (others)
  2 ballistomycete spores (D)
2 creatures vanquished.

Grand Total: 12 creatures vanquished

Notes
Turn   | Place    | Note
-------+----------+-------------------------------------------
     0 | D        | mhtbhm the Demigod Transmuter began the quest for the Orb.
     0 | D        | Reached XP level 1. HP: 15/15 MP: 5/5
     3 | D        | Noticed Ijyb
     8 | D        | Killed Ijyb
     9 | D        | Reached skill level 4 in Unarmed Combat
     9 | D        | Reached XP level 2. HP: 22/22 MP: 5/8
   158 | D        | Learned a level 2 spell: Wereblood
   160 | D        | Noticed an ogre
   166 | D        | Killed an ogre
   167 | D        | Reached skill level 6 in Unarmed Combat
   167 | D        | Reached XP level 3. HP: 27/27 MP: 5/10
   167 | D        | Reached XP level 4. HP: 34/34 MP: 6/12
   170 | D        | Noticed Sigmund
   176 | D        | Killed Sigmund
   177 | D        | Reached skill level 8 in Unarmed Combat
   177 | D        | Reached XP level 5. HP: 39/39 MP: 8/15
   185 | D        | Noticed a slime creature
   196 | D        | Killed a slime creature
   197 | D        | Reached skill level 10 in Unarmed Combat
   197 | D        | Reached skill level 5 in Spellcasting
   197 | D        | Reached skill level 5 in Transmutations
   197 | D        | Reached XP level 6. HP: 30/46 MP: 10/17
   323 | D        | Learned a level 3 spell: Spider Form
   328 | D        | Learned a level 4 spell: Ice Form
   333 | D        | Identified the +7 ring mail "Otwanel" {rC+++ Regen+ Int-3
                  | Dex+3}
   337 | D        | Reached skill level 5 in Dodging
   339 | D        | Found Ikihaubap's Distillery.
   339 | D        | Noticed a yak
   343 | D        | Killed a yak
   344 | D        | Reached skill level 11 in Unarmed Combat
   344 | D        | Reached XP level 7. HP: 51/51 MP: 15/19
   345 | D        | Noticed Sonja
   350 | D        | HP: 2/61 [asphyx]
   355 | D        | Killed Sonja
   356 | D        | Reached skill level 1 in Fighting
   356 | D        | Reached skill level 1 in Stealth
   356 | D        | Reached skill level 12 in Unarmed Combat
   606 | D        | Bought a potion of invisibility for 112 gold pieces
   659 | D        | Found Wosenyr's Book Boutique.
   679 | D        | Noticed a deep troll
   689 | D        | Killed a deep troll
   690 | D        | Reached skill level 13 in Unarmed Combat
   690 | D        | Reached skill level 1 in Evocations
   690 | D        | Reached XP level 8. HP: 59/59 MP: 17/22
   704 | D        | Found Moipp's Armour Emporium.
   807 | D        | Noticed a kobold demonologist
   808 | D        | Noticed a kobold demonologist
   810 | D        | Paralysed by a floating eye for 3 turns
   816 | D        | Reached skill level 1 in Ice Magic
   823 | D        | Noticed a red devil
   824 | D        | Noticed a soul eater
   825 | D        | Killed a kobold demonologist
   828 | D        | Mangled by a soul eater

Illustrated notes

Levels and vault maps discovered:
D:        dungeon_sprint_1 [red_sonja_temple_1, red_sonja_temple_small_1]

Skill      XL: |  1  2  3  4  5  6  7  8 |
---------------+-------------------------+-----
Dodging        | 2 3 4 5 6 7 |  7.0
Unarmed Combat | 4 6 8 10 11 13 | 13.6
Spellcasting   | 2 3 4 5 7 |  7.4
Transmutations | 2 3 4 5 7 |  7.2
Fighting       | 1 |  1.8
Stealth        | 1 2 |  2.1
Evocations     | 1 |  1.3
Ice Magic      | 1 |  1.2
Throwing       | |  0.4
Armour         | |  0.1

Action                   |  1- 3 |  4- 6 |  7- 9 || total
-------------------------+-------+-------+-------++-------
Melee: Unarmed           |     9 |    19 |    21 ||    49
       Headbutt          |     3 |     2 |       ||     5
       Kick              |     2 |     2 |       ||     4
       Punch             |     1 |     1 |       ||     2
Throw: Dart              |       |       |     2 ||     2
 Cast: Beastly Appendage |     2 |       |       ||     2
       Wereblood         |     1 |       |       ||     1
       Ice Form          |       |     1 |     1 ||     2
       Spider Form       |       |       |     1 ||     1
Evoke: Wand              |       |       |     3 ||     3
  Use: Potion            |     2 |       |     3 ||     5
       Scroll            |       |       |     3 ||     3
 Stab: Sleeping          |       |     1 |       ||     1
Armor: Skin              |       |       |    26 ||    26
Dodge: Dodged            |     3 |     8 |    35 ||    46

Table legend: (Time is in decaauts)
 A = Elapsed time spent in this place.
 B = Non-inter-level travel time spent in this place.
 C = Inter-level travel time spent in this place.
 D = Time resting spent in this place.
 E = Time spent auto-exploring this place.
 F = Levels seen in this place.
 G = Mean time per level.
                   A        B        C        D        E       F      G
               +--------+--------+--------+--------+--------+-----+--------+
         Total |    817 |    817 |      0 |    469 |      0 |   1 |  817.0 |
       Dungeon |    817 |    817 |      0 |    469 |      0 |   1 |  817.0 |
               +--------+--------+--------+--------+--------+-----+--------+

Top non-repeatable levels by time:
       D: 817 daAuts
